 Dungeon Crawl Stone Soup version 0.14-a0-736-g2a71271 (webtiles) character file.

1320 PolkaDot the Cleaver (level 8, -1/67 HPs)
             Began as a Hill Orc Fighter on Nov 7, 2013.
             Was a Follower of Beogh.
             Slain by Grinder (8 damage)
             ... while paralysed by Grinder
             ... on Level 6 of the Dungeon.
             The game lasted 00:22:40 (4114 turns).

PolkaDot the Cleaver (Hill Orc Fighter)             Turns: 4114, Time: 00:22:40

HP  -1/67        AC 10     Str 19      XL: 8   Next: 30%
MP  12/12        EV  2     Int  8      God: Beogh [*.....]
Gold 234         SH  0     Dex 10 (12) Spells:  0 memorised,  7 levels left

Res.Fire  : . . .   See Invis. : .   a - +1,-3 war axe
Res.Cold  : . . .   Warding    : .   j - +2 leather armour {rPois}
Life Prot.: . . .   Conserve   : .   c - +0 orc shield (curse)
Res.Poison: +       Res.Corr.  : .   (no helmet)
Res.Elec. : .       Clarity    : .   i - +0 dwarf cloak
Sust.Abil.: . .     Spirit.Shd : .   s - +1 pair of gauntlets
Res.Mut.  : .       Stasis     : .   (no boots)
Res.Rott. : .       Flight     : .   (no amulet)
Saprovore : + . .                    u - cursed ring of invisibility
                                     h - +1 ring of protection

@: paralysed, slightly resistant to hostile enchantments, very unstealthy
A: saprovore 1
a: Renounce Religion, Evoke Invisibility


You were on level 6 of the Dungeon.
You worshipped Beogh.
Beogh was aware of your devotion.
You were not hungry.

You visited 1 branch of the dungeon, and saw 6 of its levels.

You collected 234 gold pieces.

Inventory:

Hand weapons
 a - a +1,-3 war axe (weapon)
 b - a +0,+0 bow of flame
 t - a +0,+0 orcish hand axe
 x - a +2,+1 orcish spear of flaming
Missiles
 p - 52 arrows
 F - 11 arrows of flame
Armour
 c - a cursed +0 orcish shield (worn)
 i - a +0 dwarven cloak (worn)
 j - a +2 leather armour of poison resistance (worn)
 s - a +1 pair of gauntlets (worn)
 E - a +1 orcish scale mail
Magical devices
 v - a wand of digging (12) {unknown}
 B - a wand of random effects (14)
Comestibles
 d - 2 meat rations
 f - a snozzcumber
 g - 2 pears
 k - 3 bread rations
 l - 4 chunks of black bear flesh
 w - 2 chunks of black bear flesh
Scrolls
 e - 3 scrolls of remove curse
 o - a scroll of magic mapping
 q - 5 scrolls of enchant armour
 y - a scroll of fear
Jewellery
 h - a +1 ring of protection (left hand)
 r - a +1 ring of intelligence
 u - a cursed ring of invisibility (right hand)
Potions
 m - a potion of resistance
 n - a potion of poison
 z - a potion of paralysis
 A - a potion of flight
 C - a potion of curing
 D - a potion of restore abilities


   Skills:
 - Level 4.0 Fighting
 * Level 8.4 Axes
 - Level 5.5 Polearms
 + Level 1.1 Bows
 + Level 5.9 Armour
 - Level 3.2 Shields
 + Level 3.8 Evocations


You had 7 spell levels left.
You didn't know any spells.

Dungeon Overview and Level Annotations

Branches:
Dungeon (6/27)             Temple (0/1) D:5
    Orc: D:6-11

Altars:
Nemelex Xobeh
Sif Muna
Trog

Shops:
D:5 %

Annotations:
D:6 Grinder


Innate Abilities, Weirdness & Mutations

You can tolerate rotten meat.


Message History

Grinder gestures at you.
You suddenly lose the ability to move!
The orc hits you but does no damage. The orc hits you but does no damage.
Grinder gestures at you. You resist.
The orc hits you with a runed orcish flail.
The orc hits you but does no damage. The orc hits you but does no damage.
The orc hits you with an orcish flail.
The orc hits you with a runed orcish flail.
* * * LOW HITPOINT WARNING * * *
The orc hits you with an orcish flail.
* * * LOW HITPOINT WARNING * * *
Grinder hits you.
* * * LOW HITPOINT WARNING * * *
You writhe in agony.
* * * LOW HITPOINT WARNING * * *
The orc hits you but does no damage. Grinder hits you!
You die...

.##.# #..# .# #..#
...# .# #..# #... .#
#..## #..# .# ##...##
#..# .# ##.....##
#.>###... .#
##.......# #.?.o.....
.##.#.......# #o# #
....#.##...#####@##.#
<####.#.........o5..#
................f.#.#
#.....#.#.######.#....
.######.#... .###.#...
#######.####.... .#
... .............### #
. ##############


You could see Grinder, an active ballistomycete and 2 orcs.

Vanquished Creatures
  The ghost of Malachi the Insei, an average DrTm (D:5)
  2 black bears (D:6)
  A centaur (D:5)
  4 hounds
  A quasit (D:5)
  2 jellies
  Crazy Yiuf (D:2)
  An orc priest (D:6)
  2 orc wizards (D:4)
  A scorpion (D:5)
  2 iguanas
  3 worker ants
  A worker ant zombie (D:5)
  4 adders
  A worm (D:5)
  An adder skeleton (D:5)
  2 giant geckos
  2 oozes
  9 orcs
  A ball python (D:4)
  A bat zombie (D:5)
  4 giant cockroaches
  8 goblins
  10 hobgoblins
  8 kobolds
  7 bats
  6 giant newts
  14 jackals
  A jackal zombie (D:5)
  5 quokkas
  8 rats
114 creatures vanquished.

Vanquished Creatures (others)
  An orc priest (D:5)
  2 orcs (D:5)
  A jackal (D:5)
  A giant spore (D:6)
  4 toadstools (D:1)
9 creatures vanquished.

Grand Total: 123 creatures vanquished

Notes
Turn   | Place    | Note
--------------------------------------------------------------
     0 | D:1      | PolkaDot, the Hill Orc Fighter, began the quest for the Orb.
     0 | D:1      | Reached XP level 1. HP: 19/19 MP: 0/0
   280 | D:1      | Reached XP level 2. HP: 26/26 MP: 1/1
   480 | D:2      | Reached skill level 4 in Fighting
   537 | D:2      | Found a sparkling altar of Nemelex Xobeh.
   539 | D:2      | Found a deep blue altar of Sif Muna.
   545 | D:2      | Reached XP level 3. HP: 33/33 MP: 2/2
  1139 | D:2      | Noticed Crazy Yiuf
  1144 | D:2      | Killed Crazy Yiuf
  1144 | D:2      | Reached skill level 1 in Polearms
  1144 | D:2      | Reached XP level 4. HP: 40/40 MP: 3/3
  2036 | D:4      | Reached skill level 1 in Evocations
  2036 | D:4      | Reached XP level 5. HP: 35/46 MP: 4/4
  2088 | D:4      | Reached skill level 5 in Axes
  2105 | D:4      | Reached XP level 6. HP: 29/53 MP: 6/6
  2618 | D:5      | Entered Level 5 of the Dungeon
  2666 | D:5      | Found Muget's Food Boutique.
  2685 | D:5      | Reached skill level 6 in Axes
  2685 | D:5      | Reached skill level 5 in Armour
  2755 | D:5      | Found a staircase to the Ecumenical Temple.
  2780 | D:5      | Reached XP level 7. HP: 59/59 MP: 8/8
  2876 | D:5      | Noticed Malachi's ghost (average DrTm)
  2943 | D:5      | Became a worshipper of Beogh the Brigand
  3485 | D:5      | Reached skill level 7 in Axes
  3562 | D:5      | Acquired Beogh's first power
  3662 | D:5      | Killed Malachi's ghost
  3662 | D:5      | Reached skill level 5 in Polearms
  3666 | D:6      | Found a bloodstained altar of Trog.
  3666 | D:6      | Found a bloodstained altar of Trog.
  3977 | D:6      | Reached XP level 8. HP: 37/67 MP: 9/11
  3986 | D:6      | Reached skill level 8 in Axes
  3986 | D:6      | Reached skill level 1 in Bows
  4103 | D:6      | Noticed Grinder
  4109 | D:6      | Paralysed by Grinder for 6 turns
  4114 | D:6      | Slain by Grinder

Action                   |  1- 3 |  4- 6 |  7- 9 || total
-------------------------+-------+-------+-------++-------
Melee: Hand axe          |    79 |       |       ||    79
       Spear             |    14 |    61 |       ||    75
       War axe           |       |   121 |   150 ||   271
 Fire: Bow               |       |       |    18 ||    18
Invok: Convert to Beogh  |       |       |     1 ||     1
Evoke: Wand              |       |     1 |       ||     1
  Use: Scroll            |    10 |     6 |     2 ||    18
       Potion            |     1 |     1 |     4 ||     6
